 Dungeon Crawl Stone Soup version 0.19-a0-958-gd69d43c (webtiles) character file.

27482 4thArraOfDagon the Cleaver (level 13, -14/120 HPs)
             Began as a Deep Dwarf Hunter on July 11, 2016.
             Was a High Priest of Makhleb.
             Blown up by a cacodemon (37 damage)
             ... with a bolt of energy
             ... summoned by the player character
             ... on level 2 of the Orcish Mines.
             The game lasted 00:41:32 (6496 turns).

4thArraOfDagon the Cleaver (Deep Dwarf Hunter)      Turns: 6496, Time: 00:41:33

Health: -14/120    AC: 17    Str: 21    XL:     13   Next: 4%
Magic:  13/13      EV: 10    Int: 10    God:    Makhleb [*****.]
Gold:   755        SH:  6    Dex: 13    Spells: 3 memorised, 3 levels left

rFire  + . .     SeeInvis .     y - +1 hand axe (venom)
rCold  x . .     Gourm    .     Q - +11 scale mail of Tucaxuan {*Corrode rElec rN+}
rNeg   + + +     Faith    .     N - +3 buckler of Wanazew {Slay+2}
rPois  +         Spirit   .     (no helmet)
rElec  +         Dismiss  .     (no cloak)
rCorr  .         Reflect  .     (no gloves)
SustAt .         Harm     .     X - +0 pair of boots
MR     ++...     Rnd*Rage +     w - amulet of rage
Stlth  ..........               o - ring of Lugonu's Whim {Fire *Contam rPois rN+++ Int-2}
                                t - ring of protection from magic

@: corroded, non-regenerating, very resistant to hostile enchantments, extremely
unstealthy
A: damage resistance, recharge devices, berserk 1, sense surroundings 2, slow
regeneration 3
a: Device Recharging, Minor Destruction, Lesser Servant of Makhleb, Major
Destruction, Greater Servant of Makhleb, Renounce Religion, Evoke Berserk Rage


You were on level 2 of the Orcish Mines.
You worshipped Makhleb.
Makhleb was extremely pleased with you.
You were not hungry.

You visited 3 branches of the dungeon, and saw 17 of its levels.
You also visited: Ice Cave.

You collected 1079 gold pieces.
You spent 324 gold pieces at shops.

Inventory:

Hand Weapons
 a - a +1 hand crossbow
 b - a +0 short sword
 i - a +0 hand axe
 r - a +0 war axe
 y - a +1 hand axe of venom (weapon)
 A - a +0 battleaxe of freezing
 G - a +0 blowgun
 H - a +0 war axe of chopping
 R - a +4 battleaxe of freezing
 T - a +0 battleaxe of freezing
 W - a +1 hand axe of draining
Missiles
 d - 42 bolts
 J - 4 tomahawks of dispersal
 P - a throwing net (quivered)
Armour
 n - a +0 chain mail
 E - a +2 ring mail of cold resistance
 I - a +1 plate armour
 N - the +3 buckler of Wanazew (worn) {Slay+2}
   (You found it on level 9 of the Dungeon)

   It affects your accuracy and damage with ranged weapons and melee attacks
   (+2).
 O - a +1 ring mail of magic resistance
 Q - the +11 scale mail of Tucaxuan (worn) {*Corrode rElec rN+}
   (You bought it in a shop on level 10 of the Dungeon)

   It insulates you from electricity.
   It protects you from negative energy.
   It may corrode you when you take damage.
 X - a +0 pair of boots (worn)
 Y - a +2 chain mail of poison resistance
Jewellery
 o - the ring of Lugonu's Whim (right hand) {Fire *Contam rPois rN+++ Int-2}
   (You found it in an ice cave)

   [ring of fire]

   It enhances your fire magic, and weakens your ice magic.
   It affects your intelligence (-2).
   It protects you from fire.
   It makes you vulnerable to cold.
   It protects you from poison.
   It renders you almost immune to negative energy.
   It causes magical contamination when unequipped.
 t - a ring of protection from magic (left hand)
 w - an amulet of rage (around neck)
 x - an uncursed ring of protection from cold
 S - an uncursed ring of protection from cold
Wands
 c - a wand of iceblast (1/15)
 e - a wand of heal wounds (5/9)
 p - a wand of flame (4/48)
Scrolls
 g - 7 scrolls of remove curse
 h - a scroll of noise {unknown}
 j - 2 scrolls of teleportation
 k - 2 scrolls of blinking {unknown}
 m - a scroll of random uselessness
 q - 3 scrolls of immolation
 u - 2 scrolls of enchant armour
 C - 2 scrolls of brand weapon {unknown}
 D - a scroll of magic mapping
 L - a scroll of fear {unknown}
 Z - a scroll of holy word {unknown}
Potions
 s - 2 potions of agility
 v - 3 potions of brilliance
 z - a potion of curing
 B - a potion of haste
 F - 3 potions of flight
 K - a potion of resistance
 M - a potion of degeneration
 V - a potion of invisibility {unknown}
Books
 U - a book of Enchantments

   Spells                             Type                      Level
   a - Cause Fear                     Hexes                        4
   b - Yara's Violent Unravelling     Hexes/Transmutation          5
   c - Silence                        Hexes/Air                    5
   d - Deflect Missiles               Charms/Air                   6
   e - Haste                          Charms                       6
   f - Discord                        Hexes                        8
Comestibles
 f - 3 bread rations
 l - 5 meat rations


   Skills:
 + Level 8.8 Fighting
 * Level 14.6 Axes
 - Level 4.3 Crossbows
 + Level 10.5 Armour
 - Level 2.1 Dodging
 - Level 1.2 Stealth
 - Level 9.0 Invocations
 + Level 11.3 Evocations


You had 3 spell levels left.
You knew the following spells:

 Your Spells              Type           Power        Failure   Level  Hunger
a - Repel Missiles        Chrm/Air       #.....       99%         2    ###....
b - Swiftness             Chrm/Air       #.......     99%         2    ###....
c - Silence               Hex/Air        #.........   100%        5    ######.


Dungeon Overview and Level Annotations

Branches:
Dungeon (14/15)            Temple (1/1) D:5             Orc (2/2) D:12
    Elf (0/3) Orc:2
   Lair: D:8-11      Vaults: D:13-14

Altars:
Ashenzari
Cheibriados
Dithmenos
Elyvilon
Fedhas
Makhleb
Pakellas
Qazlal
Ru
Trog
Vehumet
Xom
The Shining One
Beogh

Shops:
D:10 [[%[   Orc:2 }?}}

Annotations:
D:6 Graouh's ghost, novice MiFi
D:13 exclusion: downstairs
Orc:2 Tungsten's ghost, journeyman OpTm


Innate Abilities, Weirdness & Mutations

You are resistant to damage.
You can recharge devices by infusing magical energy.
You passively map the area around you.
You do not regenerate naturally.
You tend to lose your temper in combat.


Message History

Unknown command.
You barely miss the orc sorcerer.
You hit the soul eater but do no damage.
The orc sorcerer hits you but does no damage.
Unknown command.
You closely miss the orc sorcerer.
You hit the soul eater but do no damage.
The soul eater closely misses you.
Your iron imp hits the soul eater but does no damage.
The orc sorcerer casts a spell at you. The bolt of fire hits you! You resist.
* * * LOW HITPOINT WARNING * * *
Unknown command.
You swap places.
Your neqoxec hits the soul eater.
Your iron imp barely misses the soul eater.
The soul eater barely misses your neqoxec.
Your iron imp closely misses the soul eater.
The cacodemon gestures at you. The bolt of energy hits you!
You die...

.#.#)))......##.........##
.#####)[....##.........##
..# #.)......##.......##
.## #####....#.......## ##
#.....).......##
####.[[......###
##.##......o3###
##...#......535.##
##.#.......)[)@5..#
#............[..#####
##...............#..##
###.......#.........##
##......2###.........##
#.......####..........#
##.....#.##.....)....##
##.........###.......## *
#....#.....##.......##


You could see a cacodemon, a soul eater, an orc sorcerer, a friendly neqoxec, 2
friendly iron imps and a friendly shadow imp.

Vanquished Creatures
  A frost giant (IceCv)
  Harold (D:10)
  A centaur warrior (D:13)
  3 ogre magi (Orc:2)
  2 death yaks (IceCv)
  A hill giant (D:13)
  A griffon (D:12)
  2 orc sorcerers (Orc:1)
  A cyclops (Orc:2)
  3 rime drakes
  2 centaur skeletons (D:12)
  2 trolls
  11 polar bears (IceCv)
  7 two-headed ogres (Orc:2)
  4 slime creatures (D:13)
  A centaur simulacrum (D:13)
  Sigmund (D:2)
  18 yaks
  A wraith (D:13)
  A basilisk (D:9)
  2 hippogriffs
  2 wargs (Orc:1)
  2 porcupines
  A sky beast (D:13)
  16 orc warriors
  23 ogres
  2 phantoms (D:10)
  2 wasps
  14 wolves (IceCv)
  2 necrophages
  4 centaurs
  A crocodile (D:9)
  4 big kobolds
  3 gnoll sergeants (D:12)
  3 giant frogs
  A wyvern skeleton (D:10)
  4 scorpions
  3 killer bees (D:11)
  An electric eel (D:10)
  3 howler monkeys (D:9)
  A lava snake (D:10)
  A crimson imp (D:12)
  A centaur zombie (D:9)
  2 jellies
  2 hounds
  2 giant frog skeletons
  12 orc priests
  Terence (D:2)
  An iguana (D:9)
  15 orc wizards
  6 worker ants
  A hound zombie (D:9)
  A hound skeleton (D:4)
  5 gnolls
  A howler monkey skeleton (D:11)
  4 adders
  A river rat (D:9)
  4 shadow imps
  An adder skeleton (D:6)
  2 dart slugs
  A giant gecko (D:2)
  72 orcs
  5 bats
  6 giant cockroaches
  6 goblins
  3 hobgoblins (D:2)
  9 jackals
  15 kobolds
  4 giant newts
  A jackal skeleton (D:5)
  A quokka skeleton (D:4)
  8 rats
352 creatures vanquished.

Vanquished Creatures (collateral kills)
  An ogre mage (Orc:2)
  A cyclops (D:13)
  A polar bear (IceCv)
  3 two-headed ogres
  2 slime creatures (D:13)
  A yak (IceCv)
  A spriggan (shapeshifter) (D:13)
  4 ogres (Orc:2)
  A giant frog (D:12)
  An adder (D:12)
  2 orcs (D:13)
18 creatures vanquished.

Vanquished Creatures (others)
  A wolf (IceCv)
  2 orc wizards
  2 fungi (D:9)
  A plant (D:9)
6 creatures vanquished.

Grand Total: 376 creatures vanquished

Notes
Turn   | Place    | Note
-------+----------+-------------------------------------------
     0 | D:1      | 4thArraOfDagon the Deep Dwarf Hunter began the quest for the Orb.
     0 | D:1      | Reached XP level 1. HP: 19/19 MP: 1/1
    44 | D:1      | You fall through a shaft!
   104 | D:3      | Reached XP level 2. HP: 27/27 MP: 2/2
   201 | D:2      | Noticed Sigmund
   207 | D:2      | Noticed Terence
   213 | D:2      | Killed Sigmund
   213 | D:2      | Reached skill level 4 in Axes
   213 | D:2      | Reached XP level 3. HP: 14/33 MP: 3/3
   213 | D:2      | Reached XP level 4. HP: 17/40 MP: 4/4
   213 | D:2      | Reached XP level 5. HP: 20/46 MP: 5/5
   213 | D:2      | Killed Terence
   278 | D:2      | Found a sacrificial altar of Ru.
   597 | D:5      | Entered Level 5 of the Dungeon
   611 | D:5      | Reached skill level 5 in Axes
   611 | D:5      | Reached XP level 6. HP: 31/55 MP: 6/6
   714 | D:6      | Reached skill level 6 in Axes
   734 | D:6      | Noticed Graouh's ghost (novice MiFi)
   760 | D:5      | Reached XP level 7. HP: 26/61 MP: 7/7
   762 | D:5      | Found a staircase to the Ecumenical Temple.
   776 | Temple   | Entered the Ecumenical Temple
   814 | Temple   | Became a worshipper of Makhleb the Destroyer
   993 | D:3      | Reached skill level 1 in Evocations
  1238 | D:1      | Reached * piety under Makhleb
  1412 | D:4      | Noticed a moth of wrath
  1415 | D:4      | Found a bloodstained altar of Trog.
  1587 | D:5      | ROTFL
  1610 | D:4      | Found a stormy altar of Qazlal.
  1663 | D:5      | Reached skill level 7 in Axes
  1671 | D:5      | it can stack to negative values!
  1752 | D:6      | Found a glowing golden altar of the Shining One.
  1752 | D:6      | Found a shattered altar of Ashenzari.
  1874 | D:6      | Reached XP level 8. HP: 23/69 MP: 4/6
  1890 | D:6      | Reached skill level 5 in Armour
  2018 | D:6      | Found a blossoming altar of Fedhas.
  2048 | D:7      | Reached ** piety under Makhleb
  2256 | D:7      | Reached skill level 8 in Axes
  2609 | D:9      | Found a shadowy altar of Dithmenos.
  2676 | D:9      | Reached *** piety under Makhleb
  2676 | D:9      | Reached skill level 5 in Evocations
  2676 | D:9      | Gained mutation: You passively map the area around you. [Deep Dwarf growth]
  2676 | D:9      | Reached XP level 9. HP: 51/79 MP: 7/7
  2761 | D:9      | Reached skill level 9 in Axes
  2833 | D:10     | Entered Level 10 of the Dungeon
  2880 | D:10     | Reached skill level 5 in Fighting
  2886 | D:10     | HP: 4/81 [wyvern skeleton (5)]
  2886 | D:10     | HP: 1/81 [wyvern skeleton (3)]
  3024 | D:9      | Got a shimmering buckler
  3030 | D:9      | Identified the +3 buckler of Wanazew {Slay+2} (You found it on level 9 of the Dungeon)
  3101 | D:10     | Found Fuh Tuim's Antique Armour Shop.
  3101 | D:10     | Found Ywom's Food Boutique.
  3101 | D:10     | Noticed Harold
  3102 | D:10     | wow
  3128 | D:10     | Killed Harold
  3128 | D:10     | Reached skill level 10 in Axes
  3226 | D:10     | Bought a smoking scale mail for 279 gold pieces
  3236 | D:10     | Identified the +11 scale mail of Tucaxuan {*Corrode rElec rN+} (You bought it in a shop on level 10 of the Dungeon)
  3271 | D:10     | Found Tuudih's Antique Armour Emporium.
  3326 | D:10     | Found Texi's Armour Boutique.
  3452 | D:12     | Found a shattered altar of Ashenzari.
  3471 | D:12     | Reached **** piety under Makhleb
  3504 | D:12     | Found a staircase to the Orcish Mines.
  3504 | D:12     | Noticed a troll
  3505 | D:12     | wow
  3515 | D:12     | Reached skill level 1 in Invocations
  3515 | D:12     | Reached XP level 10. HP: 73/91 MP: 8/8
  3545 | Orc:1    | Entered Level 1 of the Orcish Mines
  3547 | Orc:1    | Found a roughly hewn altar of Beogh.
  3567 | Orc:1    | Reached ***** piety under Makhleb
  3567 | Orc:1    | Reached skill level 11 in Axes
  3630 | Orc:1    | Found a frozen archway.
  3646 | IceCv    | Entered an ice cave
  3697 | IceCv    | Noticed an ice statue
  3706 | IceCv    | Got a clouded silver ring
  3716 | IceCv    | Identified the ring of Lugonu's Whim {Fire *Contam rPois rN+++ Int-2} (You found it in an ice cave)
  3729 | IceCv    | Gained mutation: You tend to lose your temper in combat. [mutagenic glow]
  3795 | IceCv    | Reached XP level 11. HP: 52/99 MP: 10/10
  3802 | IceCv    | Reached skill level 5 in Invocations
  3871 | IceCv    | Reached skill level 12 in Axes
  3924 | IceCv    | Noticed a death yak
  3952 | IceCv    | Killed a death yak
  4180 | IceCv    | Noticed a death yak
  4180 | IceCv    | Noticed a frost giant
  4218 | IceCv    | Killed a frost giant
  4228 | IceCv    | Killed a death yak
  4251 | IceCv    | Reached skill level 13 in Axes
  4317 | IceCv    | Identified Moexig's Incunabulum of Air (You found it in an ice cave)
  4320 | IceCv    | Learned a level 2 spell: Repel Missiles
  4323 | IceCv    | Learned a level 2 spell: Swiftness
  4329 | IceCv    | Learned a level 5 spell: Silence
  4440 | Orc:2    | Entered Level 2 of the Orcish Mines
  4440 | Orc:2    | Noticed Tungsten's ghost (journeyman OpTm)
  4441 | Orc:2    | Noticed a blizzard demon
  4469 | D:12     | Noticed a griffon
  4481 | D:12     | Killed a griffon
  4574 | D:12     | Reached XP level 12. HP: 70/110 MP: 11/11
  4711 | D:14     | Noticed a fire dragon
  4711 | D:14     | Noticed a centaur warrior
  4712 | D:14     | wow
  4712 | D:14     | red memes
  4801 | D:13     | Reached skill level 10 in Evocations
  5160 | D:13     | Noticed a centaur warrior
  5170 | D:13     | Killed a centaur warrior
  5294 | D:11     | Found a shimmering altar of Xom.
  5529 | Orc:2    | Noticed an Executioner
  5695 | Orc:1    | Paralysed by an orc sorcerer for 6 turns
  5925 | Orc:2    | Reached skill level 14 in Axes
  5937 | Orc:2    | Reached skill level 10 in Armour
  5939 | Orc:2    | Noticed an ogre mage
  5972 | Orc:2    | Noticed an ogre mage
  5987 | Orc:2    | Reached ****** piety under Makhleb
  6001 | Orc:2    | Killed an ogre mage
  6040 | Orc:2    | Noticed an ogre mage
  6073 | Orc:2    | Killed an ogre mage
  6087 | Orc:2    | Noticed an ogre mage
  6114 | Orc:2    | Killed an ogre mage
  6144 | Orc:2    | Killed an ogre mage
  6185 | Orc:2    | Reached XP level 13. HP: 89/118 MP: 13/13
  6188 | Orc:2    | Found Ydycvuymn's Gadget Emporium.
  6188 | Orc:2    | Found Vanorch's Gadget Shop.
  6189 | Orc:2    | Found Tauhuasu's Gadget Boutique.
  6189 | Orc:2    | Found Plog's Magic Scroll Emporium.
  6199 | Orc:2    | Bought a scroll of magic mapping for 45 gold pieces
  6463 | Orc:2    | Noticed a cacodemon
  6496 | Orc:2    | Blown up by a cacodemon

Vault maps used:
D:1:      lightli_arrival_windingriver, serial_forest,
          infiniplex_forest_straight_4, infiniplex_forest_end_3,
          infiniplex_forest_lined_2, infiniplex_forest_clump_medium,
          infiniplex_forest_lined_room_3, infiniplex_forest_clump_diagonal
D:2:      grunt_ministairs_10, nicolae_ru_path_of_blood, uniq_sigmund,
          uniq_terence
D:4:      nicolae_qazlal_general_emergency, first_bread, tgw_trog
D:6:      marbit_many_paths, gammafunk_temple_overflow_elements,
          lemuel_round_altar, roderic_roman_lattice, serial_bayou_pond_e
D:9:      minmay_lair_entry_grove, basic_altar, serial_shops, shop
D:10:     serial_shops, shop, shop, kennysheep_mini, shop, uniq_harold
D:11:     basic_altar
D:12:     kennysheep_orc_monster_closet_entryway, basic_altar
D:13:     minmay_curly_fans, david_vaults_4
D:14:     serial_shops, nicolae_shop_crystal
Temple:   minmay_crystal_spiral_temple
Orc:1:    portal_ice_cave_rime, basic_altar
Orc:2:    st_orc_ogre_mass
IceCv:    ice_cave_caverns_03

Skill      XL: |  1  2  3  4  5  6  7  8  9 10 11 12 |
---------------+-------------------------------------+-----
Fighting       | 2 3 4 5 6 7 8 |  8.8
Axes           | 4 5 6 7 8 10 11 13 14 | 14.6
Armour         | 2 3 4 6 7 8 9 10 | 10.5
Evocations     | 3 5 6 8 9 11 | 11.3
Invocations    | 1 4 7 9 |  9.0
Crossbows      | |  4.3
Dodging        | |  2.1
Stealth        | |  1.2

Action                   |  1- 3 |  4- 6 |  7- 9 | 10-12 | 13-15 || total
-------------------------+-------+-------+-------+-------+-------++-------
Melee: Hand axe          |    17 |    74 |   252 |   854 |    39 ||  1236
       War axe           |       |    57 |   250 |     3 |       ||   310
 Fire: Hand crossbow     |    12 |       |       |       |       ||    12
Throw: Throwing net      |       |       |     2 |     1 |       ||     3
Invok: Lesser Servant of |       |       |       |    10 |     5 ||    15
       Greater Servant o |       |       |       |     2 |     1 ||     3
 Abil: Device Recharging |       |       |     7 |     1 |       ||     8
       Evoke Berserk Rag |       |       |     3 |     1 |       ||     4
Evoke: Wand              |     2 |     7 |    33 |     6 |     1 ||    49
       Sack of spiders   |       |       |       |     1 |       ||     1
  Use: Scroll            |     1 |     1 |     7 |     5 |     1 ||    15
       Potion            |     1 |       |     4 |     2 |       ||     7
 Stab: Held in net/web   |       |       |     1 |     2 |       ||     3
       Distracted        |       |       |       |     4 |       ||     4
  Eat: Chunk             |       |       |     4 |     4 |       ||     8
       Pizza             |       |       |     2 |       |       ||     2
       Bread ration      |       |       |     1 |     2 |       ||     3
       Beef jerky        |       |       |       |     2 |       ||     2
Armor: Leather armour    |     4 |       |       |       |       ||     4
       Ring mail         |     1 |     2 |       |       |       ||     3
       Scale mail        |       |    48 |     7 |   289 |    10 ||   354
       Chain mail        |       |    52 |   279 |       |       ||   331
       Plate armour      |       |       |    54 |       |       ||    54
Dodge: Dodged            |    18 |    67 |   211 |   300 |     7 ||   603
Block: Buckler           |       |       |    26 |   197 |     4 ||   227
